 Dungeon Crawl Stone Soup version 0.30.0-10-gfe55d96785 (webtiles) character file.

Game seed: 219848308243903216

74 GigaChad the Shield-Bearer (level 4, 0/37 HPs)
             Began as a Formicid Fighter on May 15, 2023.
             Slain by Robin
             ... wielding a +0 falchion
              (1 damage)
             ... on level 3 of the Dungeon.
             The game lasted 00:02:27 (2288 turns).

GigaChad the Shield-Bearer (Formicid Fighter)       Turns: 2288, Time: 00:02:28

Health: 0/37       AC:  8    Str: 23    XL:     4   Next: 52%
Magic:  4/4        EV:  9    Int:  7    God:
Gold:   123        SH:  5    Dex: 13    Spells: 3/3 levels left

rFire   . . .        a - +0 war axe
rCold   . . .        c - +0 buckler
rNeg    . . .        b - +0 scale mail
rPois   .            (helmet unavailable)
rElec   .            i - +0 cloak
rCorr   .            (no gloves)
SInv    +            (no boots)
Will    .....        (no amulet) Stlth
                     (no ring)
HPRegen 0.26/turn    (no ring)
MPRegen 0.09/turn

%: no passive effects
@: no status effects
A: permanent stasis, dig shafts and tunnels, antennae 3, four strong arms
a: Dig, Shaft Self


You were on level 3 of the Dungeon.
You visited 1 branch of the dungeon, and saw 3 of its levels.

You collected 123 gold pieces.

Inventory:

Hand Weapons
 a - a +0 war axe (weapon)
Armour
 b - a +0 scale mail (worn)
 c - a +0 buckler (worn)
 i - a +0 cloak (worn)
Jewellery
 g - a ring of protection from fire
Scrolls
 h - a scroll of identify
 k - 2 scrolls of teleportation
Potions
 d - 2 potions of might
 e - 4 potions of curing
 f - a potion of cancellation
 j - 3 potions of heal wounds {unknown}
 l - a potion of flight {unknown}
 m - a potion of brilliance {unknown}


   Skills:
 * Level 3.9 Fighting
 * Level 3.2 Axes
 * Level 3.7 Armour
 * Level 4.5 Shields


You had 3 spell levels left.
You didn't know any spells.
Your spell library contained the following spells:

 Spells                   Type           Power      Damage    Failure   Level
 Dazzling Flash           Conj/Hex       0%         N/A       99%         3
 Volatile Blastmotes      Fire/Tloc      0%         2d10      99%         3
 Iskenderun's Mystic Bla  Conj/Tloc      0%         2d3       100%        4
 Starburst                Conj/Fire      0%         6d3       100%        6


Dungeon Overview and Level Annotations

Branches:
Dungeon (3/15)

Altars:
Nemelex Xobeh

Annotations:
D:3 Ijyb, Robin


Innate Abilities, Weirdness & Mutations

You cannot be hasted, slowed, berserked, paralysed or teleported.
You can dig through walls and to a lower floor.
You have a pair of large antennae on your head. (SInv)
Your four strong arms can wield two-handed weapons with a shield.


Message History

Ijyb hits you with a +0 dagger.
Unknown command.
You hit Robin but do no damage.
Robin is severely wounded.
You hit Ijyb.
Ijyb no longer looks unusually strong.
Robin hits you but does no damage. Ijyb closely misses you.
Unknown command.
You hit Ijyb.
Ijyb is heavily wounded.
You barely miss Robin. Ijyb hits you but does no damage.
Robin hits you with a +0 falchion.
Unknown command.
You barely miss Ijyb.
Ijyb is heavily wounded.
You barely miss Robin. Robin hits you but does no damage.
Ijyb hits you with a +0 dagger.
* * * LOW HITPOINT WARNING * * *
Ijyb barely misses you. Robin hits you with a +0 falchion.
* * * LOW HITPOINT WARNING * * *
You closely miss Ijyb.
Ijyb is heavily wounded.
You hit Robin.
Robin roars a battlecry!
Ijyb goes into a battle-frenzy!
Ijyb barely misses you.
Unknown command.
You slash Ijyb!
Ijyb is almost dead.
You barely miss Robin.
Robin's horned helmet rattles.
Robin hits you with a +0 falchion.
* * * LOW HITPOINT WARNING * * *
Ijyb hits you but does no damage.
You barely miss Ijyb.
Ijyb is almost dead.
You barely miss Robin. Robin hits you but does no damage.
Ijyb hits you with a +0 dagger.
* * * LOW HITPOINT WARNING * * *
Robin hits you with a +0 falchion.
You die...

#.##....#
#.###.#.#
#.......#
#####.###
######.# .
#......#
..
#.######
... #g#
.... #@#
..... #g#
...)..##w#
.........#
......#.?#
..rg.....#
......####
..w...
.....


You could see Ijyb (strong), a worm and Robin.

Vanquished Creatures
  An adder (D:3)
  A dart slug (D:1)
  8 ball pythons
  2 bats
  8 endoplasms
  A giant cockroach (D:1)
  6 hobgoblins
  2 jackals (D:1)
  10 frilled lizards (D:2)
  9 goblins
  7 kobolds
  7 rats
62 creatures vanquished.

Vanquished Creatures (others)
  A goblin (D:3)
1 creature vanquished.

Grand Total: 63 creatures vanquished

Notes
Turn   | Place    | Note
-------+----------+-------------------------------------------
     0 | D:1      | GigaChad the Formicid Fighter began the quest for the Orb.
     0 | D:1      | Reached XP level 1. HP: 18/18 MP: 1/1
    56 | D:1      | Reached XP level 2. HP: 24/24 MP: 2/2
   484 | D:1      | Reached XP level 3. HP: 29/29 MP: 3/3
  1458 | D:2      | Reached XP level 4. HP: 36/37 MP: 4/4
  2094 | D:3      | Found a sparkling altar of Nemelex Xobeh.
  2263 | D:3      | Noticed Robin
  2263 | D:3      | Noticed Ijyb
  2288 | D:3      | HP: 1/37 [Ijyb/+0 dagger (3)]
  2288 | D:3      | Slain by Robin

Illustrated notes

Levels and vault maps discovered:
D:1:      dpeg_arrival_water_temple_mockup, layout_basic
D:2:      layout_loops_ring, minmay_lizard_king
D:3:      layout_loops_cross, nemelex_xobeh_ov_fountains_minmay,
          nicolae_goblin_pals

Skill      XL: |  1  2  3  4 |
---------------+-------------+-----
Axes           | 3 |  3.2
Fighting       | |  3.9
Armour         | |  3.7
Shields        | |  4.5

Action                     |  1- 3 |  4- 6 || total
---------------------------+-------+-------++-------
  Melee: War axe           |    99 |    43 ||   142
Ability: Dig               |     5 |       ||     5
    Use: Scroll            |     3 |     3 ||     6
 Armour: Scale mail        |    40 |    25 ||    65
  Dodge: Dodged            |    40 |    16 ||    56
  Block: Buckler           |    16 |    12 ||    28
